 Dungeon Crawl Stone Soup version 0.17-a0-18-gc25b939 (webtiles) character file.

22505 Ngotmuk the Fencer (level 13, -1/99 HPs)
             Began as a Human Fighter on Mar 12, 2015.
             Was a High Priest of Okawaru.
             Succumbed to a chaos spawn's poison
             ... on level 4 of the Orcish Mines.
             The game lasted 02:07:38 (19872 turns).

Ngotmuk the Fencer (Human Fighter)                 Turns: 19872, Time: 02:07:38

Health: -1/99      AC: 26    Str: 21    XL:     13   Next: 28%
Magic:  0/13       EV:  9    Int: 10    God:    Okawaru [*****.]
Gold:   1669       SH:  0    Dex: 14    Spells: 0 memorised, 12 levels left

rFire  . . .     SeeInvis .     D - +5 great sword (freeze)
rCold  + . .     Clarity  .     c - +1 plate armour {MR+}
rNeg   . . .     SustAb   .     (no shield)
rPois  .         Gourm    .     o - +0 helmet
rElec  .         Spirit   +     v - +2 cloak
rCorr  .         Warding  .     t - +2 pair of gloves "Iliutink" {rF- rC+ Dex+2}
rMut   .         Stasis   .     (no boots)
MR     ++...                    e - amulet of guardian spirit
Stlth  ..........               u - ring of protection from magic
                                h - ring of protection from fire

@: lethally poisoned (-1 -> -14), heroism, very resistant to hostile
enchantments, extremely unstealthy
A: no striking features
a: Heroism, Finesse, Renounce Religion


You were on level 4 of the Orcish Mines.
You worshipped Okawaru.
Okawaru was extremely pleased with you.
You were not hungry.

You visited 3 branches of the dungeon, and saw 18 of its levels.
You also visited: Ossuary.

You collected 1669 gold pieces.

Inventory:

Hand weapons
 D - a +5 great sword of freezing (weapon)
Armour
 a - a +1 scale mail of poison resistance
 c - a +1 plate armour of magic resistance (worn)
 o - a +0 helmet (worn)
 t - the +2 pair of gloves "Iliutink" (worn) {rF- rC+ Dex+2}
   (Okawaru gifted it to you on level 12 of the Dungeon)

   It affects your dexterity (+2).
   It makes you vulnerable to fire.
   It protects you from cold.
 v - a +2 cloak (worn)
Jewellery
 e - an amulet of guardian spirit (around neck)
 h - a ring of protection from fire (left hand)
 k - a +3 ring of intelligence
 u - a ring of protection from magic (right hand)
 x - an uncursed ring of stealth
Magical devices
 F - a wand of digging (16)
Scrolls
 g - 2 scrolls of blinking
 i - a scroll of magic mapping
 r - a scroll of teleportation
 s - a scroll of amnesia
 w - a scroll of remove curse
Potions
 b - 4 potions of ambrosia
 j - 4 potions of restore abilities
 m - 5 potions of haste
 q - 2 potions of flight


   Skills:
 + Level 8.4(13.4) Fighting
 * Level 16.5(21.5) Long Blades
 + Level 9.2(14.2) Armour
 - Level 0.2(5.2) Dodging
   Level 5.2(10.2) Shields


You had 12 spell levels left.
You didn't know any spells.

Dungeon Overview and Level Annotations

Branches:
Dungeon (13/15)            Temple (1/1) D:5            Lair (0/8) D:9
    Orc (4/4) D:12            Elf (0/3) Orc:3
 Vaults: D:13-14

Altars:
Ashenzari
Cheibriados
Dithmenos
Elyvilon
Fedhas
Kikubaaqudgha
Makhleb
Nemelex Xobeh
Okawaru
Qazlal
Ru
Sif Muna
Trog
Vehumet
Xom
Yredelemnul
Zin
The Shining One
Beogh

Shops:
Orc:2 *   Orc:4 !=


Message History

You feel better.
The orc priest hits you but does no damage.
The chaos spawn barely misses you. The orc hits you but does no damage.
The orange demon stings you but does no damage.
The orange demon hits you but does no damage.
The ice devil hits you but does no damage.
You slice the chaos spawn!! You freeze the chaos spawn.
The chaos spawn is almost dead.
The orc high priest hits you but does no damage.
The orc priest hits you but does no damage.
The chaos spawn gores you!
* * * LOW HITPOINT WARNING * * *
You are lethally poisoned!
The chaos spawn poisons you! The orc closely misses you.
The orange demon stings you but does no damage.
The orange demon completely misses you.
You slash the chaos spawn! You freeze the chaos spawn.
You kill the chaos spawn!
The chaos spawn degenerates into a cloud of primal chaos!
You die...

...............#
................# #
................. ...
................. ...
.#.....#.##..######..#
.............#∩...#..#
.............#....#..####
............#.4o§#.....
............###@##..#
..............o3o)..#
...........###o###.#
..........#.ooo #
.........#..oo
........#.....
.......#∩....
......####### ......


You could see an ice devil, 2 orc high priests, an orange demon, 4 orc priests
and 3 orcs.

Vanquished Creatures
  A fire dragon (D:10)
  2 orc high priests (Orc:4)
  Erolcha (Orc:3)
  An ice devil (Orc:3)
  A hill giant (D:11)
  An orc knight (Orc:2)
  The ghost of Ngotmuk the Shield-Bearer, an experienced HuFi of Cheibriados (D:6)
  2 orc sorcerers (Orc:3)
  2 cyclopes
  3 komodo dragons
  3 trolls
  A two-headed ogre (D:11)
  A trapdoor spider zombie (D:10)
  A shadow (D:11)
  3 deep elf magi
  A spriggan (D:7)
  Eustachio (D:7)
  A wyvern (D:12)
  2 wraiths (D:12)
  Grum (D:8)
  3 hippogriffs
  10 yaks
  4 wolves (D:8)
  Menkaure (D:4)
  A chaos spawn (Orc:4)
  3 hungry ghosts
  2 water moccasins
  5 wargs
  A wasp (D:8)
  An ice beast (D:10)
  5 sky beasts
  15 orc warriors
  3 black bears
  A necrophage (D:12)
  9 centaurs
  A crocodile (D:9)
  11 ogres
  Duvessa (D:6)
  3 big kobolds
  A gnoll sergeant (D:8)
  Blork the orc (D:4)
  7 giant frogs
  6 scorpions
  17 killer bees
  8 wights
  9 crimson imps
  3 jellies
  Dowan (D:5)
  4 centaur zombies
  4 giant frog zombies
  Crazy Yiuf (D:4)
  19 orc priests
  A centaur skeleton (D:9)
  9 hounds
  A human zombie (Ossuary)
  2 iguanas
  33 orc wizards
  4 worker ants
  A big kobold zombie (Ossuary)
  A hound skeleton (D:4)
  4 mummies (Ossuary)
  Robin (D:2)
  A river rat (D:7)
  13 gnolls
  13 adders
  4 shadow imps
  A giant mite (D:5)
  2 worms
  4 oozes (D:1)
  162 orcs
  A bat skeleton (D:4)
  3 giant cockroaches
  26 goblins
  22 hobgoblins
  6 quokkas
  A ball python (D:2)
  A ball python zombie (D:5)
  14 bats
  5 giant geckos
  A giant gecko zombie (D:3)
  4 giant newts
  A goblin zombie (Ossuary)
  3 hobgoblin zombies (Ossuary)
  17 jackals
  18 kobolds
  A kobold zombie (Ossuary)
  2 orc zombies
  A quokka zombie (D:6)
  16 rats
  A fungus (D:4)
  2 plants (D:9)
594 creatures vanquished.

Vanquished Creatures (others)
  A centaur (D:6)
  An orc (Orc:3)
  A bat (D:8)
  An orc zombie (Orc:3)
  3 butterflies (D:6)
7 creatures vanquished.

Grand Total: 601 creatures vanquished

Notes
Turn   | Place    | Note
--------------------------------------------------------------
     0 | D:1      | Ngotmuk, the Human Fighter, began the quest for the Orb.
     0 | D:1      | Reached XP level 1. HP: 18/18 MP: 1/1
    66 | D:1      | Reached XP level 2. HP: 22/24 MP: 2/2
   512 | D:1      | Reached XP level 3. HP: 24/29 MP: 3/3
   990 | D:2      | Noticed Robin
  1389 | D:2      | Killed Robin
  1389 | D:2      | Reached XP level 4. HP: 27/35 MP: 4/4
  2083 | D:3      | Reached XP level 5. HP: 36/41 MP: 5/5
  2131 | D:3      | Reached skill level 4 in Shields
  2158 | D:3      | Reached XP level 6. HP: 13/47 MP: 6/6
  2449 | D:3      | Found a shimmering altar of Xom.
  2849 | D:4      | Found a sparkling altar of Nemelex Xobeh.
  2945 | D:4      | Noticed Blork the orc
  2970 | D:4      | Killed Blork the orc
  2970 | D:4      | Reached XP level 7. HP: 21/52 MP: 7/7
  3385 | D:4      | Noticed Menkaure
  3395 | D:4      | Killed Menkaure
  3395 | D:4      | Reached skill level 5 in Long Blades
  3395 | D:4      | Reached skill level 5 in Shields
  4172 | D:4      | Reached XP level 8. HP: 54/58 MP: 8/8
  4212 | D:4      | Found a shattered altar of Ashenzari.
  4213 | D:4      | Found a sacrificial altar of Ru.
  4288 | D:4      | Noticed Crazy Yiuf
  4305 | D:4      | Killed Crazy Yiuf
  4528 | D:5      | Entered Level 5 of the Dungeon
  4624 | D:5      | Noticed Duvessa
  4627 | D:5      | Noticed Dowan
  4647 | D:6      | Found a basalt altar of Yredelemnul.
  4653 | D:6      | Reached skill level 6 in Long Blades
  4706 | D:6      | Noticed Ngotmuk's ghost (experienced HuFi)
  5039 | D:7      | Reached skill level 7 in Long Blades
  5119 | D:7      | Found a shattered altar of Ashenzari.
  5136 | D:7      | Found a sand-covered staircase.
  5145 | Ossuary  | Entered an ossuary
  5432 | D:7      | Noticed Eustachio
  5507 | D:7      | Killed Eustachio
  5507 | D:7      | Reached skill level 8 in Long Blades
  5655 | D:7      | Noticed a spriggan baker
  5678 | D:7      | Killed a spriggan baker
  5678 | D:7      | Reached XP level 9. HP: 28/64 MP: 9/9
  6269 | D:7      | Reached skill level 9 in Long Blades
  6702 | D:7      | Found a sacrificial altar of Ru.
  7000 | D:7      | Reached skill level 10 in Long Blades
  7136 | D:5      | Found a staircase to the Ecumenical Temple.
  7349 | Temple   | Entered the Ecumenical Temple
  7440 | Temple   | Became a worshipper of Warmaster Okawaru
  7583 | D:5      | Killed Dowan
  7618 | D:6      | Killed Duvessa
  7965 | D:5      | Found a burning altar of Makhleb.
  8106 | D:5      | Acquired Okawaru's first power
  8113 | D:5      | Reached skill level 11 in Long Blades
  8210 | D:5      | Gained mutation: Your body is slowly deteriorating. [potion of mutation]
  8210 | D:5      | Gained mutation: You are clumsy. (Dex -2) [potion of mutation]
  8210 | D:5      | Gained mutation: Your flesh is cold resistant. [potion of mutation]
  8211 | D:5      | Gained mutation: You are partially covered in yellow scales (AC +2). [potion of mutation]
  8211 | D:5      | Gained mutation: Your spells are a little easier to cast, but a little less powerful. [potion of mutation]
  8380 | D:6      | Reached XP level 10. HP: 54/70 MP: 10/10
  8507 | D:6      | Killed Ngotmuk's ghost
  8507 | D:6      | Reached skill level 12 in Long Blades
  8796 | D:6      | You fall through a shaft for 2 floors!
  9042 | D:8      | Found a deep blue altar of Sif Muna.
  9216 | D:8      | Noticed Grum
  9228 | D:8      | Reached skill level 13 in Long Blades
  9239 | D:8      | Killed Grum
  9591 | D:8      | HP: 3/70 [poisoned by a gnoll sergeant]
 10281 | D:9      | Found a staircase to the Lair.
 10342 | D:9      | Reached skill level 5 in Armour
 10349 | D:9      | Reached XP level 11. HP: 59/76 MP: 9/11
 10598 | D:9      | Reached skill level 14 in Long Blades
 10613 | D:9      | Lost mutation: You are partially covered in yellow scales (AC +2). [mutagenic meat]
 10933 | D:9      | Gained mutation: You can spit poison. [mutagenic meat]
 10934 | D:9      | Gained mutation: You are partially covered in icy blue scales (AC +1). [mutagenic meat]
 11459 | D:10     | Entered Level 10 of the Dungeon
 11624 | D:10     | Reached skill level 5 in Fighting
 11721 | D:10     | Noticed a fire dragon
 11743 | D:10     | Killed a fire dragon
 12520 | D:10     | Acquired Okawaru's second power
 12520 | D:10     | Received a gift from Okawaru
 13350 | D:11     | Noticed a cyclops
 13363 | D:11     | Killed a cyclops
 13470 | D:11     | Lost mutation: Your spells are a little easier to cast, but a little less powerful. [mutagenic meat]
 13574 | D:11     | Reached skill level 15 in Long Blades
 13574 | D:11     | Reached XP level 12. HP: 88/88 MP: 12/12
 13731 | D:11     | Noticed a hill giant
 13737 | D:11     | Killed a hill giant
 13961 | D:12     | Found a staircase to the Orcish Mines.
 14715 | D:12     | Received a gift from Okawaru
 14720 | D:12     | Got a pair of heavily runed gloves {god gift}
 14906 | D:12     | Identified the +2 pair of gloves "Iliutink" {rF- rC+ Dex+2} (Okawaru gifted it to you on level 12 of the Dungeon)
 15082 | D:12     | Noticed a seven-headed hydra
 16414 | D:12     | Lost mutation: You can spit poison. [potion of cure mutation]
 16414 | D:12     | Lost mutation: Your body is slowly deteriorating. [potion of cure mutation]
 16414 | D:12     | Lost mutation: You are clumsy. (Dex -2) [potion of cure mutation]
 16414 | D:12     | Lost mutation: Your flesh is cold resistant. [potion of cure mutation]
 16414 | D:12     | Lost mutation: You are partially covered in icy blue scales (AC +1). [potion of cure mutation]
 16418 | D:13     | Found a snail-covered altar of Cheibriados.
 16624 | D:13     | Noticed a six-headed hydra
 16934 | Orc:1    | Entered Level 1 of the Orcish Mines
 17032 | Orc:1    | Found a roughly hewn altar of Beogh.
 17499 | Orc:2    | Found Irawiw's Assorted Antiques.
 17594 | Orc:2    | Found a glowing silver altar of Zin.
 18196 | Orc:2    | Reached skill level 16 in Long Blades
 18458 | Orc:3    | Found a frozen archway.
 18464 | Orc:3    | Noticed Erolcha
 18474 | Orc:3    | Killed Erolcha
 18474 | Orc:3    | Reached XP level 13. HP: 58/98 MP: 8/13
 19260 | Orc:3    | Found a staircase to the Elven Halls.
 19377 | Orc:3    | Found a shimmering altar of Xom.
 19743 | Orc:4    | Entered Level 4 of the Orcish Mines
 19848 | Orc:4    | Found Faneizxi's Distillery.
 19860 | Orc:4    | Found Leuxtad's Jewellery Boutique.
 19869 | Orc:4    | HP: 2/99 [ice devil[an orc high priest] (12)]
 19872 | Orc:4    | Succumbed to a chaos spawn's poison

Action                   |  1- 3 |  4- 6 |  7- 9 | 10-12 | 13-15 || total
-------------------------+-------+-------+-------+-------+-------++-------
Melee: Long sword        |   145 |   179 |   375 |       |       ||   699
       Great sword       |       |       |   137 |   963 |   181 ||  1281
Invok: Heroism           |       |       |       |     2 |     1 ||     3
 Abil: Spit Poison       |       |       |       |     2 |       ||     2
  Use: Scroll            |     5 |     1 |    17 |    12 |     1 ||    36
       Potion            |       |     1 |     8 |    13 |     4 ||    26
 Stab: Invisible         |       |     1 |     1 |       |       ||     2
  Eat: Bread ration      |     1 |       |     1 |     6 |     1 ||     9
       Beef jerky        |       |     2 |     1 |       |       ||     3
       Meat ration       |       |       |     2 |     1 |       ||     3
       Fruit             |       |       |     5 |     9 |       ||    14
       Chunk             |       |       |       |     4 |       ||     4
